 Dungeon Crawl Stone Soup version 0.29.1-15-g9cfb28693d (webtiles) character file.

Game seed: 11988464721804363911

40 MisterKurot the Firebug (level 3, 0/33 HPs)
             Began as an Ogre Fire Elementalist on Apr 11, 2023.
             Was a Follower of Sif Muna.
             Slain by an iguana (3 damage)
             ... on level 3 of the Dungeon.
             The game lasted 00:06:23 (1256 turns).

MisterKurot the Firebug (Ogre Fire Elementalist)    Turns: 1256, Time: 00:06:23

Health: 0/33       AC:  3    Str: 11    XL:     3   Next: 50%
Magic:  0/7        EV:  9    Int: 22    God:    Sif Muna [*.....]
Gold:   62         SH:  0    Dex:  8    Spells: 0/7 levels left

rFire   . . .      SeeInvis .   (no weapon)
rCold   . . .      Faith    .   (no shield)
rNeg    . . .      Spirit   .   a - +0 robe
rPois   .          Reflect  .   (helmet restricted)
rElec   .          Harm     .   (no cloak)
rCorr   .          Rampage  .   (gloves unavailable)
Will    .....                   (boots unavailable)
Stlth   +.........              (no amulet)
HPRegen 0.11/turn               (no ring)
MPRegen 0.10/turn               (no ring)

@: brilliant, attractive
A: large, unfitting armour, tough skin 1, clever 1
a: Renounce Religion, Channel Magic


You were on level 3 of the Dungeon.
You worshipped Sif Muna.
Sif Muna was aware of your devotion.
You visited 1 branch of the dungeon, and saw 3 of its levels.

You collected 62 gold pieces.

Inventory:

Armour
 a - a +0 robe (worn)
Scrolls
 c - a scroll of identify
 h - a scroll of noise


   Skills:
 * Level 1.3 Fighting
 * Level 0.1 Armour
 * Level 1.8 Dodging
 * Level 1.4 Stealth
 * Level 0.2 Unarmed Combat
 * Level 2.7 Spellcasting
 * Level 1.3 Conjurations
 * Level 0.1 Hexes
 * Level 0.3 Transmutations
 * Level 3.1 Fire Magic
 * Level 0.1 Poison Magic
 * Level 0.2 Invocations


You couldn't memorise any spells.
You knew the following spells:

 Your Spells              Type           Power      Damage    Failure   Level
a - Foxfire               Conj/Fire      76%        2x1d7     5%          1
b - Scorch                Fire           50%        2d8       5%          2
c - Sting                 Tmut/Pois      24%        1d4       12%         1
d - Inner Flame           Hex/Fire       15%        N/A       21%         3

Your spell library contained the following spells:

 Spells                   Type           Power      Damage    Failure   Level
 Conjure Flame            Conj/Fire      19%        6-21      16%         3
 Poisonous Vapours        Pois/Air       8%         N/A       19%         2
 Flame Wave               Conj/Fire      19%        2d7       45%         4
 Olgreb's Toxic Radiance  Pois           5%         N/A       77%         4
 Conjure Ball Lightning   Conj/Air       4%         3x3d6     100%        6
 Discord                  Hex            2%         N/A       100%        8
 Disjunction              Tloc           2%         N/A       100%        8


Dungeon Overview and Level Annotations

Branches:
Dungeon (3/15)

Altars:
Sif Muna

Shops:
D:1 (

Annotations:
D:3 Grinder, Ijyb


Innate Abilities, Weirdness & Mutations

You are too large for most types of armour.
You have tough skin. (AC +1)
Your mind is acute. (Int +4, Str/Dex -1)


Message History

The iguana's fire resistance burns away.
The iguana bites you. The iguana attacks as you move away!
The iguana closely misses you.
It was a potion of attraction.
You feel attractive to monsters.
The iguana bites you but does no damage.
The iguana bites you!
* * * LOW HITPOINT WARNING * * *
The iguana attacks as you move away! The iguana bites you.
* * * LOW HITPOINT WARNING * * *
The iguana is no longer more vulnerable to fire.
It was a potion of heal wounds.
You feel much better.
The iguana bites you but does no damage.
The iguana barely misses you.
You hit the iguana but do no damage.
The iguana is heavily wounded.
The iguana bites you.
You closely miss the iguana.
The iguana is heavily wounded.
The iguana bites you but does no damage.
You barely miss the iguana.
The iguana is heavily wounded.
The iguana bites you!
Casting: Scorch (safe; 7% risk of failure)
Confirm with . or Enter, or press ? or * to list all spells.
You feel a surge of power!
You conjure some foxfire!
The iguana bites you.
You hit the iguana.
The iguana is severely wounded.
The foxfire hits the iguana.
The iguana is severely wounded.
The foxfire hits the iguana.
The iguana is almost dead.
The iguana bites you!
* * * LOW HITPOINT WARNING * * *
It was a potion of mutation.
You feel extremely strange.
You feel clever. The iguana bites you.
* * * LOW HITPOINT WARNING * * *
The iguana attacks as you move away! The iguana bites you.
You die...

*,,,,,,,,,,*#############
*,,,,,,,,,,*#...........#
*,,,,,,,,,,*#...........#
***,.....,,,,*#...........#
,,,,,....,,,,*#...........#
,,,,,,...,,,,*#...........#
,****,,..*****#...........#
,,,,#,*#.* #.l.........#
*,#.#.##)#### #.@.........#
*,....(.....###..##########
,,.............>.......,*
**....###...###.#.#####,*
*.,,,* ###..##.#...# *,*
*,,,,* #..##.###.###,*
*,,,,* #...#.#.....#,*
*,,,,* #.......#,#.#+**
*,,,,* ###.#.#......,,*


You could see an iguana.

Vanquished Creatures
  An adder (D:2)
  A worm (D:3)
  A dart slug (D:1)
  An orc (D:3)
  4 endoplasms
  A giant cockroach (D:1)
  A goblin (D:3)
  A kobold (D:3)
  3 quokkas
  A ball python (D:2)
  3 bats (D:1)
  A frilled lizard (D:1)
  2 rats
21 creatures vanquished.

Vanquished Creatures (collateral kills)
  2 endoplasms (D:2)
2 creatures vanquished.

Vanquished Creatures (others)
  24 foxfires
24 creatures vanquished.

Grand Total: 47 creatures vanquished

Notes
Turn   | Place    | Note
-------+----------+-------------------------------------------
     0 | D:1      | MisterKurot the Ogre Fire Elementalist began the quest for
                  | the Orb.
     0 | D:1      | Reached XP level 1. HP: 16/16 MP: 3/3
    88 | D:1      | Found a faded altar of an unknown god.
    93 | D:1      | Prayed at the altar of an unknown god.
    93 | D:1      | Became a worshipper of Sif Muna the Loreminder
    93 | D:1      | Reached * piety under Sif Muna
   184 | D:1      | Reached XP level 2. HP: 14/26 MP: 2/5
   188 | D:1      | Reached skill level 1 in Conjurations
   199 | D:1      | Learned a level 2 spell: Scorch
   201 | D:1      | Learned a level 1 spell: Sting
   233 | D:1      | Found Yshor's Weapon Shoppe.
   359 | D:1      | Reached skill level 3 in Fire Magic
   685 | D:1      | Reached skill level 1 in Fighting
   832 | D:2      | Reached XP level 3. HP: 24/33 MP: 1/6
   836 | D:2      | Learned a level 3 spell: Inner Flame
   968 | D:3      | Noticed Grinder
   980 | D:3      | Paralysed by Grinder for 2 turns
  1104 | D:3      | Noticed Ijyb
  1254 | D:3      | Gained mutation: Your mind is acute. (Int +4, Str/Dex -1)
                  | [potion of mutation]
  1256 | D:3      | Slain by an iguana

Illustrated notes

Levels and vault maps discovered:
D:1:      minmay_arrival_cross, layout_basic, serial_shops,
          nicolae_shop_bloodbath_and_beyond,
          hellmonk_ecumenical_altar_heavens_door
D:2:      layout_basic, basic_altar, uniq_sigmund
D:3:      layout_basic, uniq_ijyb, uniq_grinder, uniq_crazy_yiuf_cottage

Skill      XL: |  1  2 |
---------------+-------+-----
Conjurations   | 1 |  1.3
Fire Magic     | 3 |  3.1
Fighting       | 1 |  1.3
Armour         | |  0.1
Dodging        | |  1.8
Stealth        | |  1.4
Unarmed Combat | |  0.2
Spellcasting   | |  2.7
Hexes          | |  0.1
Transmutations | |  0.3
Poison Magic   | |  0.1
Invocations    | |  0.2

Action                   || total
-------------------------++-------
Melee: Unarmed           ||     7
 Cast: Foxfire           ||    12
       Scorch            ||    19
       Sting             ||     5
  Use: Potion            ||     5
       Scroll            ||     6
Armor: Robe              ||    14
Dodge: Dodged            ||    30
